 Dungeon Sprint DCSS version bcrawl-1.21.3-2-g9d8a61a446 (webtiles) character file.

Game seed: 5409112895914872713

12796 DieBirke the Fencer (level 11, 0/107 HPs)
             Began as a Djinni Fighter on Apr 27, 2020.
             Was the Champion of Trog.
             Slain by a deep troll (9 damage)
             ... in the Dungeon (Sprint IX: "|||||||||||||||||||||||||||||").
             The game lasted 00:04:39 (2163 turns).

DieBirke the Fencer (Djinni Fighter)                Turns: 2163, Time: 00:04:40

Health: 0/107      AC: 19    Str: 19    XL:     11   Next: 67%
Magic:  7/11       EV:  9    Int: 11    God:    Trog [******]
Gold:   1408       SH: 18    Dex: 16    Spells: 10/10 levels left

rFire    . . .     SeeInvis .   o - +2 scimitar (flame)
rCold    . . .     Gourm    .   c - +0 medium shield
rNeg     . . .     Faith    .   q - +0 plate armour
rPois    .         Spirit   .   x - +0 helmet
rElec    .         Reflect  .   w - +0 cloak
rCorr    .         Harm     .   p - +0 pair of gloves
MR       +....     Rnd*Rage +   (boots unavailable) Stlth ..........NoTele +
                                (no amulet)
HPRegen  0.27/turn              s - +3 ring of dexterity
MPRegen  0.12/turn              d - +3 ring of evasion

@: berserk cooldown, flying, slowed, very slow
A: never pass out, berserk 2, blink, blurry vision 2, wild magic 3, MP-powered
wands, floating
a: Blink, Berserk, Trog's Hand, Brothers in Arms, Renounce Religion


You were in the Dungeon.
You worshipped Trog.
Trog was exalted by your worship.
You were not hungry.

You visited 1 branch You collected 1408 gold pieces.

Inventory:

Hand Weapons
 n - a +5 antimagic double sword
 o - a +2 scimitar of flaming (weapon)
 v - a +6 antimagic demon blade
 y - a +5 great sword of holy wrath
 A - a +2 antimagic long sword
Armour
 c - a +0 medium shield (worn)
 p - a +0 pair of gloves (worn)
 q - a +0 plate armour (worn)
 w - a +0 cloak (worn)
 x - a +0 helmet (worn)
Jewellery
 d - a +3 ring of evasion (right hand)
 r - a +2 ring of evasion
 s - a +3 ring of dexterity (left hand)
 u - an uncursed ring of stealth
Wands
 m - a wand of iceblast (7)
Scrolls
 j - a scroll of fear
 k - 6 scrolls of blinking
 l - 3 scrolls of remove curse
Potions
 a - a potion of brilliance
 b - a potion of berserk rage
 f - 6 potions of curing
 g - 5 potions of heal wounds
 h - 3 potions of haste
 i - 4 potions of magic
 t - a potion of might
Comestibles
 e - 12 rations {!d}
 z - 3 chunks of flesh


   Skills:
 + Level 13.2 Fighting
 * Level 19.1 Long Blades
 * Level 10.9 Throwing
 + Level 10.5 Armour
 + Level 1.5 Dodging
 + Level 10.9 Shields


You had 10 spell levels left.
You didn't know any spells.
Your spell library was empty.

Dungeon Overview and Level Annotations

Branches:
Dungeon (1/1)

Altars:
Cheibriados
Dithmenos
Elyvilon
Fedhas
Gozag
Hepliaklqana
Kikubaaqudgha
Lugonu
Makhleb
Nemelex Xobeh
Okawaru
Qazlal
Ru
Sif Muna
Trog
Uskayaw
Vehumet
Wu Jian
Xom
Yredelemnul
Zin
The Shining One
Beogh
Jiyva

Shops:
D :}(}


Innate Abilities, Weirdness & Mutations

You never pass out after going berserk.
You often lose your temper in combat.
You can translocate small distances at will.
Scrolls take you longer to read.
Your spells are much harder to cast, but much more powerful.
You expend magic power (3 MP) to strengthen your wands.
Your body floats in the air.


Message History

You closely miss the deep troll.
The deep troll is almost dead.
The deep troll bites you. You block the deep troll's attack. x2
You hit the deep troll. You burn the deep troll.
The deep troll is almost dead.
The deep troll bites you.
* * * LOW HITPOINT WARNING * * *
The deep troll barely misses you. You block the deep troll's attack.
You hit the deep troll but do no damage.
The deep troll is almost dead.
The deep troll bites you!!
* * * LOW HITPOINT WARNING * * *
You block the deep troll's attack.
The deep troll claws you but does no damage.
You barely miss the deep troll.
The deep troll is almost dead.
You block the deep troll's attack.
The deep troll claws you but does no damage.
The deep troll claws you!
You die...

.'....[.)...)..)|..[.).?.'_______
▓▓▓▓▓▓▓▓▓▓▓▓▓▓▓▓▓▓▓▓▓▓▓▓▓▓▓▓▓▓▓▓▓
.................................
▓▓▓▓▓▓▓▓▓▓▓▓▓▓▓▓▓▓▓▓▓▓▓▓▓▓▓▓▓▓▓▓▓
...'....[[..'..........†.†......÷
▓▓▓▓▓▓▓▓▓▓▓▓▓▓▓▓▓▓▓▓▓▓▓▓▓▓▓▓▓▓▓▓▓
.................................
▓▓▓▓▓▓▓▓▓▓▓▓▓▓▓▓▓▓▓▓▓▓▓▓▓▓▓▓▓▓▓▓▓
$$$$$∩T@$∩$∩$[.[.)......
▓▓▓▓▓▓▓▓▓▓▓▓▓▓▓▓▓▓▓▓▓▓▓▓


You could see a deep troll.

Vanquished Creatures
  A hydra (D)
  An ogre mage (D)
  A two-headed ogre (D)
  An orc high priest (D)
  Sonja (D)
  3 deep trolls (D)
  2 lindwurms (D)
  A black mamba (D)
  A cane toad (D)
  A komodo dragon (D)
  A rime drake (D)
  A meliai (D)
  A tengu conjurer (D)
  8 trolls (D)
  2 tyrant leeches (D)
  A hippogriff (D)
  A yak (D)
  An acid dragon (D)
  3 crocodiles (D)
  A water moccasin (D)
  A porcupine (D)
  5 orc warriors (D)
  A sky beast (D)
  An eye of draining (D)
  3 wolves (D)
  2 centaurs (D)
  3 bullfrogs (D)
  A big kobold (D)
  A hound (D)
  3 orc priests (D)
  3 orc wizards (D)
  An iguana (D)
  2 worker ants (D)
  A shadow imp (D)
  4 worms (D)
  6 orcs (D)
  2 bat skeletons (D)
  A ball python (D)
  A goblin (D)
  3 kobolds (D)
78 creatures vanquished.

Vanquished Creatures (collateral kills)
  2 orc knights (D)
  5 orc warriors (D)
7 creatures vanquished.

Vanquished Creatures (others)
  A hippogriff (D)
1 creature vanquished.

Grand Total: 86 creatures vanquished

Notes
Turn   | Place    | Note
-------+----------+-------------------------------------------
     0 | D        | DieBirke the Djinni Fighter began the quest for the Orb.
     0 | D        | Reached XP level 1. HP: 19/19 MP: 1/1
    72 | D        | Noticed an iguana
    72 | D        | Noticed a centaur
    72 | D        | Noticed a worker ant
    76 | D        | Reached skill level 3 in Long Blades
    76 | D        | Reached skill level 1 in Throwing
    76 | D        | Reached XP level 2. HP: 27/27 MP: 2/2
    80 | D        | Reached XP level 3. HP: 34/34 MP: 3/3
    85 | D        | Killed a centaur
    85 | D        | Reached skill level 5 in Fighting
    85 | D        | Reached skill level 5 in Long Blades
    85 | D        | Gained mutation: Your spells are harder to cast, but more
                  | powerful. [Djinni growth]
    85 | D        | Gained mutation: You can translocate small distances at
                  | will. [Djinni growth]
    85 | D        | Reached XP level 4. HP: 44/44 MP: 4/4
    94 | D        | Reached skill level 6 in Long Blades
    94 | D        | Reached XP level 5. HP: 28/50 MP: 5/5
   103 | D        | Found a roughly hewn altar of Beogh.
   103 | D        | Found a snail-covered altar of Cheibriados.
   103 | D        | Found a shadowy altar of Dithmenos.
   103 | D        | Found a white marble altar of Elyvilon.
   103 | D        | Found a blossoming altar of Fedhas.
   103 | D        | Found an opulent altar of Gozag.
   104 | D        | Found a hazy altar of Hepliaklqana.
   105 | D        | Found a viscous altar of Jiyva.
   106 | D        | Found an ancient bone altar of Kikubaaqudgha.
   107 | D        | Found a corrupted altar of Lugonu.
   108 | D        | Found a burning altar of Makhleb.
   109 | D        | Found a sparkling altar of Nemelex Xobeh.
   110 | D        | Found an iron altar of Okawaru.
   111 | D        | Found a stormy altar of Qazlal.
   112 | D        | Found a sacrificial altar of Ru.
   113 | D        | Found a shimmering blue altar of Sif Muna.
   114 | D        | Found a bloodstained altar of Trog.
   115 | D        | Found a hide-covered altar of Uskayaw.
   116 | D        | Found a radiant altar of Vehumet.
   117 | D        | Found an ornate altar of the Wu Jian Council.
   118 | D        | Found a shimmering altar of Xom.
   119 | D        | Found a basalt altar of Yredelemnul.
   120 | D        | Found a glowing silver altar of Zin.
   121 | D        | Found a glowing golden altar of the Shining One.
   122 | D        | Became a worshipper of Trog the Wrathful
   227 | D        | Noticed a centaur
   227 | D        | Noticed a hippogriff
   227 | D        | Noticed a two-headed ogre
   233 | D        | Killed a two-headed ogre
   233 | D        | Reached skill level 10 in Long Blades
   233 | D        | Reached XP level 6. HP: 27/62 MP: 6/6
   233 | D        | Reached XP level 7. HP: 30/69 MP: 7/7
   238 | D        | Reached * piety under Trog
   238 | D        | Killed a hippogriff
   391 | D        | Noticed a meliai
   391 | D        | Noticed a tengu conjurer
   393 | D        | Killed a tengu conjurer
   393 | D        | Reached ** piety under Trog
   393 | D        | Reached skill level 11 in Long Blades
   393 | D        | Gained mutation: Your spells are much harder to cast, but
                  | much more powerful. [Djinni growth]
   393 | D        | Reached XP level 8. HP: 78/78 MP: 2/8
   397 | D        | Killed a meliai
   400 | D        | Reached skill level 12 in Long Blades
   404 | D        | Reached *** piety under Trog
   567 | D        | Noticed a komodo dragon
   567 | D        | Noticed a rime drake
   575 | D        | Killed a rime drake
   575 | D        | Reached **** piety under Trog
   575 | D        | Reached skill level 13 in Long Blades
   575 | D        | Reached XP level 9. HP: 84/84 MP: 9/9
   583 | D        | Killed a komodo dragon
   586 | D        | Reached skill level 14 in Long Blades
   588 | D        | Reached ***** piety under Trog
   588 | D        | Reached skill level 10 in Fighting
   731 | D        | Noticed a seven-headed hydra
   731 | D        | Noticed a cane toad
   733 | D        | Received a gift from Trog
   737 | D        | Killed a cane toad
   737 | D        | Reached skill level 15 in Long Blades
   739 | D        | Noticed a black mamba
   747 | D        | Killed a three-headed hydra
   747 | D        | Reached skill level 1 in Dodging
   747 | D        | Reached XP level 10. HP: 94/94 MP: 10/10
   750 | D        | Reached skill level 16 in Long Blades
   752 | D        | Received a gift from Trog
   762 | D        | Killed a black mamba
  1011 | D        | Noticed a lindwurm
  1011 | D        | Noticed a lindwurm
  1018 | D        | Killed a lindwurm
  1029 | D        | Killed a lindwurm
  1029 | D        | Reached skill level 17 in Long Blades
  1064 | D        | Received a gift from Trog
  1296 | D        | Noticed Sonja
  1300 | D        | Killed Sonja
  1300 | D        | Reached ****** piety under Trog
  1571 | D        | Received a gift from Trog
  1734 | D        | Noticed an orc high priest
  1743 | D        | Noticed an orc knight
  1746 | D        | Noticed an orc knight
  1751 | D        | Killed an orc high priest
  1751 | D        | Reached XP level 11. HP: 104/104 MP: 11/11
  1754 | D        | Received a gift from Trog
  1773 | D        | Killed an orc knight
  1773 | D        | Reached skill level 18 in Long Blades
  1773 | D        | Reached skill level 10 in Throwing
  1775 | D        | Killed an orc knight
  1775 | D        | Reached skill level 10 in Shields
  2060 | D        | Found Ynaokhluq's Gadget Boutique.
  2060 | D        | Noticed a deep troll
  2060 | D        | Noticed an ogre mage
  2066 | D        | Killed an ogre mage
  2071 | D        | Killed a deep troll
  2071 | D        | Received a gift from Trog
  2071 | D        | Reached skill level 10 in Armour
  2076 | D        | Found Kostrat's Antique Weapon Shop.
  2084 | D        | Found Liuca's Gadget Boutique.
  2124 | D        | Found Saybeuw's Book Shop.
  2125 | D        | Noticed a deep troll
  2134 | D        | Killed a deep troll
  2134 | D        | Noticed a deep troll
  2140 | D        | Received a gift from Trog
  2140 | D        | Reached skill level 19 in Long Blades
  2140 | D        | Noticed a deep troll
  2148 | D        | Killed a deep troll
  2163 | D        | Slain by a deep troll

Skill      XL: |  1  2  3  4  5  6  7  8  9 10 11 |
---------------+----------------------------------+-----
Armour         | 3 4 7 8 9 10 | 10.5
Shields        | 3 4 6 7 8 9 10 | 10.9
Fighting       | 4 5 8 9 10 11 13 | 13.2
Long Blades    | 3 5 6 10 11 13 15 17 19 | 19.1
Throwing       | 1 2 3 6 7 8 9 10 | 10.9
Dodging        | 1 |  1.5

Action                   |  1- 3 |  4- 6 |  7- 9 | 10-12 || total
-------------------------+-------+-------+-------+-------++-------
Melee: Long sword        |    24 |    12 |       |       ||    36
       Scimitar          |       |     4 |    61 |   178 ||   243
Invok: Berserk           |       |       |     3 |     4 ||     7
       Brothers in Arms  |       |       |       |     1 ||     1
Evoke: Wand              |       |       |       |     3 ||     3
  Use: Potion            |     1 |     2 |       |       ||     3
  Eat: Chunk             |       |       |     1 |    10 ||    11
Armor: Scale mail        |     9 |     9 |       |       ||    18
       Plate armour      |       |     1 |    22 |    29 ||    52
Dodge: Dodged            |     4 |     3 |     9 |    19 ||    35
Block: Medium shield     |     8 |    15 |    24 |    95 ||   142
